 Dungeon Crawl Stone Soup version 0.29.1-1-gd02db6906a (webtiles) character file.

Game seed: 8148667899644078199

1091 NinjaNoafa the Digger (level 8, 0/62 HPs)
             Began as a Black Draconian Earth Elementalist on Oct 10, 2022.
             Was a Follower of Kikubaaqudgha.
             Killed themself with a badly aimed orb of electricity (6 damage)
             ... on level 6 of the Dungeon.
             The game lasted 00:13:13 (5777 turns).

NinjaNoafa the Digger (DrEE)                        Turns: 5777, Time: 00:13:15

Health: 0/62       AC:  8    Str: 12    XL:     8   Next: 9%
Magic:  21/21      EV: 11    Int: 19    God:    Kikubaaqudgha [*.....]
Gold:   257        SH:  4    Dex: 11    Spells: 7/13 levels left

rFire   . . .      SeeInvis .   a - +2 dagger (speed)
rCold   . . .      Faith    .   n - +1 buckler "Ypluad" {Int+2 Slay+3}
rNeg    . . .      Spirit   .   (body armour unavailable)
rPois   .          Reflect  .   (helmet restricted)
rElec   +          Harm     .   g - +0 cloak
rCorr   .          Rampage  .   t - +0 pair of gloves
Will    +....                   (no boots)
Stlth   ++........              (no amulet)
HPRegen 0.20/turn               y - ring of magical power
MPRegen 0.17/turn               f - ring of willpower

@: unable to drink
A: breathe lightning, AC +6, unfitting armour, electricity resistance,
cold-blooded, robust 1, inability to drink after injury 1
a: Breathe Lightning, Renounce Religion, Unearth Wretches


You were on level 6 of the Dungeon.
You worshipped Kikubaaqudgha.
Kikubaaqudgha was aware of your devotion.
You visited 2 branches of the dungeon, and saw 8 of its levels.

You collected 257 gold pieces.

Inventory:

Hand Weapons
 a - a +2 dagger of speed (weapon)
Missiles
 d - 60 stones
 r - 5 boomerangs
Armour
 g - a +0 cloak (worn)
 n - the +1 buckler "Ypluad" (worn) {Int+2 Slay+3}
   (You found it on level 2 of the Dungeon)

   Int:       It affects your intelligence (+2).
   Slay:      It affects your accuracy & damage with ranged weapons and melee
   (+3).
 t - a +0 pair of gloves (worn)
Jewellery
 f - a ring of willpower (right hand)
 k - a ring of see invisible
 y - a ring of magical power (left hand)
Scrolls
 m - 2 scrolls of vulnerability
 s - 2 scrolls of teleportation
 w - a scroll of noise
 x - a scroll of magic mapping {unknown}
 z - a scroll of silence {unknown}
 A - a scroll of brand weapon {unknown}
 B - a scroll of acquirement {unknown}
Potions
 e - 3 potions of lignification
 h - a potion of haste
 j - 3 potions of berserk rage
 o - 5 potions of degeneration
 p - a potion of resistance
 u - a potion of brilliance {unknown}
 v - a potion of might {unknown}


   Skills:
 - Level 1.7 Dodging
 - Level 1.7 Stealth
 - Level 3.0 Spellcasting
 + Level 5.5 Necromancy
 + Level 2.3 Transmutations
 + Level 6.1 Earth Magic


You had 7 spell levels left.
You knew the following spells:

 Your Spells              Type           Power      Damage    Failure   Level
a - Sandblast             Erth           52%        2d12      1%          1
b - Passwall              Tmut/Erth      15%        N/A       5%          2
c - Necrotise             Necr           92%        1d8       2%          1
d - Sublimation of Blood  Necr           23%        N/A       3%          2

Your spell library contained the following spells:

 Spells                   Type           Power      Damage    Failure   Level
 Vampiric Draining        Necr           23%        2d7       6%          3
 Stone Arrow              Conj/Erth      28%        3d8       17%         3
 Animate Dead             Necr           23%        N/A       22%         4
 Petrify                  Tmut/Erth      19%        N/A       34%         4
 Leda's Liquefaction      Hex/Erth       7%         N/A       50%         4
 Call Canine Familiar     Summ           2%         N/A       52%         3
 Gell's Gravitas          Tloc           2%         N/A       52%         3
 Lesser Beckoning         Tloc           2%         N/A       52%         3
 Portal Projectile        Hex/Tloc       4%         N/A       52%         3
 Teleport Other           Tloc           2%         N/A       52%         3
 Agony                    Necr           23%        N/A       52%         5
 Lehudib's Crystal Spear  Conj/Erth      7%         10d3      100%        8
 Animate Armour           Summ/Erth      Unusable   N/A       N/A         4

Dungeon Overview and Level Annotations

Branches:
Dungeon (7/15)             Temple (1/1) D:4

Altars:
Ashenzari
Dithmenos
Elyvilon
Fedhas
Gozag
Kikubaaqudgha
Nemelex Xobeh
Okawaru
Ru
Sif Muna
Trog
Uskayaw
Wu Jian
Yredelemnul
Zin
The Shining One

Annotations:
D:3 1 runed translucent door


Innate Abilities, Weirdness & Mutations

You can breathe wild blasts of lightning.
Your glossy black scales are hard. (AC +6)
You cannot fit into any form of body armour.
You are resistant to electric shocks. (rElec)
You are cold-blooded and may be slowed by cold attacks.
You are robust. (+10% HP)
You occasionally lose the ability to drink potions when taking damage.


Message History

The yak barely misses you.
Activating: Breathe Lightning (4% risk of failure)
Press: ? - help, Dir - look around, f - activate Look: a yak (steam, almost dead)
You breathe a wild blast of lightning!
The orb of electricity explodes!
The orb of electricity engulfs the yak!
You kill the yak!
Kikubaaqudgha accepts your kill.
The orb of electricity engulfs the yak!
The yak is moderately wounded.
The orb of electricity engulfs the yak!
The yak is almost dead.
The orb of electricity engulfs the yak!!
The yak is heavily wounded.
The orb of electricity engulfs the yak!!
The yak is heavily wounded.
The orb of electricity engulfs the yak!
The yak is almost dead.
The orb of electricity engulfs you. You resist.
* * * LOW HITPOINT WARNING * * *
The orb of electricity engulfs your steam dragon!
Your steam dragon is heavily wounded.
You hear a mighty clap of thunder!
The orb of electricity explodes!
The orb of electricity engulfs the yak!!
You kill the yak!
Kikubaaqudgha accepts your kill.
The orb of electricity engulfs the yak!!!
You kill the yak!
Kikubaaqudgha accepts your kill.
The orb of electricity engulfs the yak!!
The yak is almost dead.
The orb of electricity engulfs the yak!
The yak is almost dead.
The orb of electricity engulfs the yak!
You kill the yak!
Kikubaaqudgha accepts your kill. The orb of electricity engulfs you.
You resist.
You die...
Kikubaaqudgha rasps: "You have failed me!
Welcome... death!"

......##...$...........
#....##..§§§§§☼§.§§§§§#
.....#...§☼☼§☼☼§.§§§§#
.#.......§§§☼§§§.§§§§#
######...§§§§§§§.§☼☼§# # ##
#...§§§§§.☼.§§§§#
##.#.#...☼§§§§§Y†§§§§##
.........§§§§§§†§Y§§§§# ###
..# #....☼§§§§§§@D§☼§## ..§.
..# #.#§§#§§§§§§§§§§##..#
..# ####.#§§§§§§§§§§§§o.#
.)## ##.§§§☼§§§§§§☼§§§§..#
...####..§##§§§☼☼§§§§§§§..#
#.........###§§☼§§§§§§§☼..#
.........)# ##§§§§§§§#§§..#
..........###§§§§§§§§##§.K..
#........###........## ##..#


You could see 2 yaks and a friendly steam dragon (summoned, very poisoned,
catching breath).

Vanquished Creatures
  4 yaks (D:6)
  Menkaure (D:4)
  A black bear (D:5)
  A sky beast (D:6)
  2 phantoms
  A kobold brigand (D:7)
  A necrophage (D:6)
  The ghost of Fractals the Conjurer, a weakling TeCj (D:3)
  4 hounds
  A jelly (D:4)
  An orc priest (D:6)
  4 iguanas
  An orc wizard (D:5)
  5 adders
  A shadow imp (D:6)
  6 worms
  5 dart slugs
  17 orcs
  8 ball pythons
  3 bats
  4 endoplasms
  3 giant cockroaches
  5 hobgoblins
  3 quokkas
  2 frilled lizards
  3 goblins
  14 kobolds
  3 rats
105 creatures vanquished.

Vanquished Creatures (others)
  A plant (D:4)
1 creature vanquished.

Grand Total: 106 creatures vanquished

Notes
Turn   | Place    | Note
-------+----------+-------------------------------------------
     0 | D:1      | NinjaNoafa the Draconian Earth Elementalist began the quest
                  | for the Orb.
     0 | D:1      | Reached XP level 1. HP: 14/14 MP: 3/3
   206 | D:1      | Reached XP level 2. HP: 20/20 MP: 0/5
   684 | D:1      | Reached skill level 4 in Earth Magic
   991 | D:2      | Found the +1 Delatra's gloves {ID++}
  1025 | D:2      | Found a faded altar of an unknown god.
  1131 | D:2      | Reached XP level 3. HP: 26/26 MP: 2/6
  1227 | D:2      | Identified the +1 buckler "Ypluad" {Int+2 Slay+3}
  1999 | D:3      | Found a runed translucent door.
  2002 | D:3      | Noticed Fractals's ghost (weakling TeCj)
  2049 | D:3      | Found a runed translucent door.
  2642 | D:3      | Reached XP level 4. HP: 33/33 MP: 5/7
  2745 | D:3      | Reached skill level 5 in Earth Magic
  3227 | D:3      | Killed Fractals's ghost
  3439 | D:4      | Found a staircase to the Ecumenical Temple.
  3451 | Temple   | Entered the Ecumenical Temple
  3494 | Temple   | Became a worshipper of Kikubaaqudgha
  3534 | D:4      | Found a white marble altar of Elyvilon.
  3536 | D:4      | Found a shimmering blue altar of Sif Muna.
  3536 | D:4      | Found a basalt altar of Yredelemnul.
  3537 | D:4      | Found a sacrificial altar of Ru.
  3539 | D:4      | Noticed a phantom
  3545 | D:4      | Killed a phantom
  3546 | D:4      | Reached skill level 6 in Earth Magic
  3546 | D:4      | Reached XP level 5. HP: 36/38 MP: 2/8
  3668 | D:4      | Noticed Menkaure
  3684 | D:4      | Killed Menkaure
  3685 | D:4      | Reached skill level 7 in Earth Magic
  3685 | D:4      | Reached XP level 6. HP: 39/45 MP: 3/9
  3688 | D:4      | Learned a level 2 spell: Passwall
  3771 | D:4      | Reached skill level 1 in Necromancy
  4088 | D:4      | Found an ornate altar of the Wu Jian Council.
  4218 | D:5      | Entered Level 5 of the Dungeon
  4380 | D:5      | Gained mutation: You occasionally lose the ability to drink
                  | potions when taking damage. [potion of mutation]
  4380 | D:5      | Gained mutation: You are robust. (+10% HP) [potion of
                  | mutation]
  4383 | D:5      | Your scales start taking on a glossy black colour.
  4383 | D:5      | Reduced skill Earth Magic to level 5
  4383 | D:5      | Reached XP level 7. HP: 34/55 MP: 11/11
  4383 | D:5      | Gained mutation: You are resistant to electric shocks.
                  | (rElec) [Black Draconian growth]
  5047 | D:6      | HP: 2/55 [kobold brigand/+0 club (1)]
  5078 | D:6      | Reached skill level 5 in Necromancy
  5092 | D:7      | Reached * piety under Kikubaaqudgha
  5092 | D:7      | Received a gift from Kikubaaqudgha
  5095 | D:7      | Learned a level 1 spell: Necrotise
  5098 | D:7      | Learned a level 2 spell: Sublimation of Blood
  5403 | D:6      | Reached skill level 6 in Earth Magic
  5456 | D:6      | Reached XP level 8. HP: 61/62 MP: 12/12
  5777 | D:6      | Killed themself with a badly aimed orb of electricity

Illustrated notes

Levels and vault maps discovered:
D:1:      grunt_arrival_lava_bath, layout_loops_ring, minmay_misc_feat_rugged
D:2:      layout_loops_ring, shapermc_ecumenical_altar_starsandcircs,
          minmay_randomly_rotated_circles
D:3:      layout_loops_corners, ebering_ghost_sewer_f, roderic_lattice_a
D:4:      layout_rooms, nicolae_wu_jian_glorious_leap,
          chequers_temple_overflow_statue_of_worship,
          minmay_temple_entry_overgrown, grunt_ministairs_14,
          minmay_misc_feat_nine_boxes, uniq_menkaure
D:5:      layout_cave_pools, kennysheep_nondescript, kennysheep_generic_room_14
D:6:      layout_cave_pools, mainiacjoe_overflow_brackets
D:7:      layout_basic, grunt_qazlal_clouds, minmay_shop_grid_forest
Temple:   hellmonk_temple_of_storms

Skill      XL: |  1  2  3  4  5  6  7 |
---------------+----------------------+-----
Earth Magic    | 4 6 7 5 6 |  6.1
Necromancy     | 2 5 |  5.5
Spellcasting   | 3 |  3.0
Transmutations | 2 |  2.3
Dodging        | |  1.7
Stealth        | |  1.7

Action                   |  1- 3 |  4- 6 |  7- 9 || total
-------------------------+-------+-------+-------++-------
Melee: Unarmed           |     3 |       |       ||     3
       Short sword       |     9 |     7 |     5 ||    21
       Tailslap          |     1 |     1 |     2 ||     4
       Dagger            |       |       |    10 ||    10
 Cast: Sandblast         |    63 |    61 |    66 ||   190
       Passwall          |       |     1 |       ||     1
       Necrotise         |       |       |     3 ||     3
 Abil: Breathe Lightning |       |       |     4 ||     4
  Use: Potion            |       |     5 |     1 ||     6
       Scroll            |       |     4 |    11 ||    15
Armor: Skin              |    14 |    14 |    38 ||    66
Dodge: Dodged            |    48 |    29 |    52 ||   129
Block: Buckler           |     3 |    11 |    22 ||    36
